 Dungeon Crawl Stone Soup version 0.30-a0-374-g95c0257040 (webtiles) character file.

Game seed: 12135215281704352694

156 Maxmaps the Trooper (level 5, -2/42 HPs)
             Began as a Demonspawn Monk on Nov 25, 2022.
             Killed by nerve-wracking pain
             ... invoked by Grinder
              (13 damage)
             ... on level 3 of the Dungeon.
             The game lasted 00:03:18 (2454 turns).

Maxmaps the Trooper (Demonspawn Monk)               Turns: 2454, Time: 00:03:19

Health: -2/42      AC: 10    Str: 12    XL:     5   Next: 14%
Magic:  5/5        EV:  6    Int: 13    God:
Gold:   146        SH:  0    Dex: 15    Spells: 4/4 levels left

rFire   . . .      SeeInvis .    a - +0 falchion
rCold   . . .      Faith    .    (no shield)
rNeg    . . .      Spirit   .    f - +0 chain mail
rPois   .          Reflect  .    e - +0 helmet
rElec   .          Harm     .    (no cloak)
rCorr   .          Rampage  .    (no gloves)
Will    .....                    (no boots)
Stlth   ..........               (no amulet)
HPRegen 0.27/turn                (no ring)
MPRegen 0.09/turn                (no ring)

@: confused, ambrosia-drunk
A: large bone plates 1, demonic guardian 1, foul stench 1
a: no special abilities


You were on level 3 of the Dungeon.
You visited 1 branch of the dungeon, and saw 3 of its levels.

You collected 146 gold pieces.

Inventory:

Hand Weapons
 a - a +0 falchion (weapon)
Armour
 b - a +0 robe
 e - a +0 helmet (worn)
 f - a +0 chain mail (worn)
Wands
 q - a wand of iceblast (12)
Scrolls
 h - a scroll of poison {unknown}
 i - a scroll of blinking {unknown}
 j - a scroll of magic mapping {unknown}
 k - a scroll of amnesia {unknown}
Potions
 d - 3 potions of degeneration {unknown}
 g - 4 potions of curing {unknown}
 l - a potion of lignification {unknown}
 m - 2 potions of heal wounds {unknown}
 n - a potion of brilliance {unknown}
 o - 3 potions of berserk rage {unknown}
 p - 2 potions of might


   Skills:
 - Level 4.0 Fighting
 - Level 2.6 Long Blades
 + Level 3.7 Armour
 - Level 2.6 Dodging
 - Level 1.7 Stealth


You had 4 spell levels left.
You didn't know any spells.
Your spell library contained the following spells:

 Spells                   Type           Power      Damage    Failure   Level
 Dazzling Flash           Conj/Hex       0%         N/A       100%        3
 Agony                    Necr           0%         N/A       100%        5
 Silence                  Hex/Air        0%         N/A       100%        5


Dungeon Overview and Level Annotations

Branches:
Dungeon (3/15)

Altars:

Shops:
D:2 !

Annotations:
D:3 Grinder


Innate Abilities, Weirdness & Mutations

You are partially covered in large bone plates. (SH +4)
A weak demonic guardian rushes to your aid.
You may rarely emit foul miasma when damaged in melee.


Message History

Your white imp gestures at Grinder.
The puff of frost hits Grinder.
Grinder resists.
Grinder gestures at your white imp.
Your white imp suddenly stops moving!
You hit Grinder but do no damage.
Grinder is lightly wounded.
Grinder gestures at you.
You suddenly lose the ability to move!
Grinder hits you.
You writhe in agony.
* * * LOW HITPOINT WARNING * * *
You can move again.
You hit Grinder.
Grinder is moderately wounded.
Grinder barely misses you.
You hit Grinder.
Grinder is moderately wounded.
Your white imp disappears in a puff of smoke!
Grinder hits you but does no damage.
Unknown command.
You barely miss Grinder.
Grinder is moderately wounded.
Grinder blinks!
Grinder hits you but does no damage.
You barely miss Grinder.
Grinder is moderately wounded.
Grinder gestures at you. You resist with significant effort.
You hit Grinder but do no damage.
Grinder is moderately wounded.
Grinder hits you!
* * * LOW HITPOINT WARNING * * *
A demonic guardian appears!
You writhe in agony.
* * * LOW HITPOINT WARNING * * *
Unknown command.
You are confused.
You feel invigorated.
Your iron imp hits Grinder.
Grinder hits you but does no damage.
Your iron imp barely misses Grinder.
Grinder gestures at you. Pain shoots through your body!
You die...

##### ########....#
##.<...# #...####
#..###.#
#...@5.###### #.##
####5#......#########
#.#
#..#####..........
##.# ##.# ###########
#..# #.#......# #.##
#........# ##.#
##.......# # #..#
#......# #### #.##
#......# #...


You could see Grinder (ally target) and a friendly iron imp (summoned).

Vanquished Creatures
  2 adders (D:2)
  3 gnolls
  A worm (D:2)
  2 dart slugs
  6 ball pythons
  11 bats
  9 endoplasms
  11 goblins
  10 hobgoblins
  7 jackals
  5 kobolds
  2 quokkas (D:1)
  2 frilled lizards (D:1)
  4 rats
75 creatures vanquished.

Vanquished Creatures (collateral kills)
  2 gnolls (D:2)
  An endoplasm (D:2)
3 creatures vanquished.

Grand Total: 78 creatures vanquished

Notes
Turn   | Place    | Note
-------+----------+-------------------------------------------
     0 | D:1      | Maxmaps the Demonspawn Monk began the quest for the Orb.
     0 | D:1      | Reached XP level 1. HP: 18/18 MP: 1/1
   205 | D:1      | Gained mutation: You may rarely emit foul miasma when
                  | damaged in melee. [demonic ancestry]
   205 | D:1      | Reached XP level 2. HP: 17/24 MP: 2/2
   332 | D:1      | Reached skill level 4 in Fighting
   466 | D:1      | Reached XP level 3. HP: 28/30 MP: 3/3
   471 | D:1      | Reached skill level 1 in Armour
  1053 | D:2      | Found Qiqixtaoph's Distillery.
  1348 | D:2      | Gained mutation: A weak demonic guardian rushes to your
                  | aid. [demonic ancestry]
  1348 | D:2      | Reached XP level 4. HP: 21/37 MP: 4/4
  1950 | D:2      | Gained mutation: You are partially covered in large bone
                  | plates. (SH +4) [demonic ancestry]
  1950 | D:2      | Reached XP level 5. HP: 41/42 MP: 5/5
  2432 | D:3      | Noticed Grinder
  2441 | D:3      | Identified the +3 chain mail "Ohydd" {Harm Will+ Dex+4}
  2445 | D:3      | Paralysed by Grinder for 2 turns
  2451 | D:3      | HP: 1/42 [Grinder (5)]
  2454 | D:3      | Killed from afar by Grinder

Illustrated notes

Levels and vault maps discovered:
D:1:      spicycebolla_arrival_ecumenical, layout_loops_ring
D:2:      cheibrodos_greedy_goblins, layout_basic, serial_shops, shop_statue,
          minmay_nonomino_d4
D:3:      layout_rooms, grunt_temple_overflow_champion_of_chaos,
          mainiacjoe_overflow_catwalk_spiral, uniq_grinder

Skill      XL: |  1  2  3  4 |
---------------+-------------+-----
Fighting       | 4 |  4.0
Armour         | 2 3 |  3.7
Long Blades    | |  2.6
Dodging        | |  2.6
Stealth        | |  1.7

Action                   |  1- 3 |  4- 6 || total
-------------------------+-------+-------++-------
Melee: Falchion          |   143 |    96 ||   239
  Use: Potion            |       |     1 ||     1
 Stab: Sleeping          |     3 |       ||     3
Armor: Robe              |     9 |       ||     9
       Chain mail        |   110 |    64 ||   174
Dodge: Dodged            |    71 |    33 ||   104
Block: Other             |       |     8 ||     8

Table legend: (Time is in decaauts)
 A = Elapsed time spent in this place.
 B = Non-inter-level travel time spent in this place.
 C = Inter-level travel time spent in this place.
 D = Time resting spent in this place.
 E = Time spent auto-exploring this place.
 F = Levels seen in this place.
 G = Mean time per level.
                   A        B        C        D        E       F      G
               +--------+--------+--------+--------+--------+-----+--------+
         Total |   2495 |   2376 |    119 |    433 |   1289 |   3 |  831.7 |
       Dungeon |   2495 |   2376 |    119 |    433 |   1289 |   3 |  831.7 |
               +--------+--------+--------+--------+--------+-----+--------+

Top non-repeatable levels by time:
     D:2: 1291 daAuts
     D:1: 1054 daAuts
     D:3: 149 daAuts
